AoeStats
← [TMG] sandriko

MegaRandom

509163825Analyzed
4v4 RM · 8d ago on Sep 25, 2026· 17m 44s· 8 players
Game mode
Random Map
Map size
Large (8 player)
Population
200
Speed
Normal
Resources
Standard
Victory
Conquest
Starting age
Dark Age
Ending age
Imperial Age
RankedLock teamsTeams togetherTeam positionsShared explorationLock speedFull tech treeHidden civsTurbo modeCheats
Victory
Defeat
🇬🇪 Koreans · Georgia
1657
+14
🇬🇪 Varangians · Georgia
1652
+14
🇬🇪 Georgians · Georgia
1639
+14
🇬🇪 Slavs · Georgia
1600
+16
🇨🇭 Magyars · Switzerland
1628
-15
🇬🇧 Vikings · United Kingdom
1614
-15
🇹🇷 Ethiopians · Türkiye
1586
-14
🇳🇴 Mongols · Norway
1583
-14
Gene_Parmesan__
0:29 Loom
8:33 Feudal Age
8:35 Man-at-Arms
9:09 Double-Bit Axe
12:10 Fletching
15:14 Padded Archer Armor
daMastah2
0:35 Loom
11:51 Feudal Age
15:07 Scale Barding Armor
15:08 Double-Bit Axe
16:37 Forging
16:28 Horse Collar
17:52 Fishing Lines
Maelgwyn
0:29 Loom
10:20 Feudal Age
11:04 Double-Bit Axe
12:45 Wheelbarrow
12:44 Fishing Lines
14:55 Scale Barding Armor
Itgetsdarker
0:41 Loom
9:44 Feudal Age
14:28 Fletching
14:39 Padded Archer Armor
[TMG] sandriko
0:28 Loom
8:12 Feudal Age
9:12 Double-Bit Axe
12:43 Bloodlines
14:56 Forging
17:00 Scale Barding Armor
[TMG] Lucipher
0:29 Loom
8:33 Feudal Age
10:07 Double-Bit Axe
12:17 Horse Collar
13:53 Fletching
[TMG] purple
0:29 Loom
8:05 Feudal Age
8:40 Double-Bit Axe
8:38 Horse Collar
16:51 Wheelbarrow
16:30 Forging
[TMG] zv
0:36 Loom
8:42 Feudal Age
11:12 Fletching
12:38 Padded Archer Armor
12:26 Double-Bit Axe
14:40 Horse Collar
Connection lost

Rejoining the realm…

Still unreachable

The connection could not be restored.

Session expired

The server has moved on; the page needs a fresh start.